 Dungeon Crawl Stone Soup version 0.29.1-15-g9cfb28693d (webtiles) character file.

Game seed: 15695791467958798863

28 ThatPearl the Grave Robber (level 3, -3/26 HPs)
             Began as a Demonspawn Necromancer on Mar 12, 2023.
             Slain by Terence
             ... wielding a +2 hand axe of flaming
              (5 damage)
             ... on level 2 of the Dungeon.
             The game lasted 00:02:21 (1239 turns).

ThatPearl the Grave Robber (Demonspawn Necromancer) Turns: 1239, Time: 00:02:22

Health: -3/26      AC:  2    Str:  8    XL:     3   Next: 0%
Magic:  1/6        EV: 12    Int: 18    God:
Gold:   9          SH:  0    Dex: 13    Spells: 5/6 levels left

rFire   . . .      SeeInvis .   d - +0 dagger
rCold   . . .      Faith    .   (no shield)
rNeg    . . .      Spirit   .   a - +0 robe
rPois   .          Reflect  .   (helmet restricted)
rElec   .          Harm     .   (no cloak)
rCorr   .          Rampage  .   (no gloves)
Will    .....                   (no boots)
Stlth   ++........              (no amulet)
HPRegen 0.08/turn               (no ring)
MPRegen 0.10/turn               (no ring)

@: no status effects
A: antennae 1
a: no special abilities


You were on level 2 of the Dungeon.
You visited 1 branch of the dungeon, and saw 2 of its levels.

You collected 9 gold pieces.

Inventory:

Hand Weapons
 d - a +0 dagger (weapon)
Missiles
 f - 17 stones
 h - 2 poisoned darts
Armour
 a - a +0 robe (worn)
Scrolls
 c - 3 scrolls of brand weapon {unknown}
 e - 3 scrolls of identify {unknown}
 g - a scroll of enchant armour {unknown}
 i - a scroll of torment {unknown}
Potions
 b - a potion of magic


   Skills:
 + Level 1.4 Fighting
 - Level 1.7 Dodging
 - Level 1.7 Stealth
 + Level 2.4 Spellcasting
 + Level 4.7 Necromancy


You had 5 spell levels left.
You knew the following spells:

 Your Spells              Type           Power      Damage    Failure   Level
a - Necrotise             Necr           76%        1d7       2%          1

Your spell library contained the following spells:

 Spells                   Type           Power      Damage    Failure   Level
 Vampiric Draining        Necr           19%        2d7       8%          3
 Animate Dead             Necr           19%        N/A       24%         4
 Agony                    Necr           19%        N/A       56%         5


Dungeon Overview and Level Annotations

Branches:
Dungeon (2/15)

Altars:

Annotations:
D:2 Terence


Innate Abilities, Weirdness & Mutations

You have a pair of small antennae on your head.


Message History

You climb downwards.
There is a stone staircase leading up here.
There is a stone staircase leading up here.
Found a short sword.
Terence and an endoplasm come into view.
Terence is wielding a +2 hand axe of flaming.
Terence shouts!
You hear a shout!
A gnoll comes into view. It is wielding a +0 whip.
Aiming: Necrotise (safe; 2% risk of failure)
Press: ? - help, Q - select action, (/) - cycle Shift-Dir - straight line, f - Terence
Aim: Terence, wielding a +2 hand axe of flaming and wearing a +0 chain mail (chance to affect: 84%) Terence writhes in agony!
Terence shouts, "Get ready for death!"
Aiming: Necrotise (safe; 2% risk of failure)
Press: ? - help, Q - select action, (/) - cycle Shift-Dir - straight line, f/p - Terence
Aim: Terence, wielding a +2 hand axe of flaming and wearing a +0 chain mail (moderately wounded, chance to affect: 84%) Terence writhes in agony.
Terence hits you with a +2 hand axe of flaming.
Terence burns you.
Aiming: Necrotise (safe; 2% risk of failure)
Press: ? - help, Q - select action, (/) - cycle Shift-Dir - straight line, f/p - Terence
Aim: Terence, wielding a +2 hand axe of flaming and wearing a +0 chain mail (heavily wounded, chance to affect: 84%) Terence writhes in agony.
A gnoll comes into view. It is wielding a +1 spear of freezing.
Terence hits you with a +2 hand axe of flaming.
Terence burns you.
Aiming: Necrotise (safe; 2% risk of failure)
Press: ? - help, Q - select action, (/) - cycle Shift-Dir - straight line, f/p - Terence
Aim: Terence, wielding a +2 hand axe of flaming and wearing a +0 chain mail (almost dead, chance to affect: 84%) Terence writhes in agony.
Terence hits you with a +2 hand axe of flaming!
* * * LOW HITPOINT WARNING * * *
Terence burns you.
* * * LOW HITPOINT WARNING * * *
Aiming: Necrotise (safe; 2% risk of failure)
Press: ? - help, Q - select action, (/) - cycle Shift-Dir - straight line, f/p - Terence
Aim: Terence, wielding a +2 hand axe of flaming and wearing a +0 chain mail (almost dead, chance to affect: 84%) Terence barely resists.
Terence hits you with a +2 hand axe of flaming.
You die...

#.#.##...
.......
#....g#
#....)# .....
.g. #J# ####@#
#..@.# #.####
#.# #.# #.#
### #.#
##.###### #.#
##.#.....#
#.###.###.##.#
#..<.## ##.#


You could see Terence, 2 gnolls and an endoplasm.

Vanquished Creatures
  A dart slug (D:1)
  2 endoplasms (D:1)
  2 giant cockroaches (D:1)
  A goblin (D:1)
  A hobgoblin (D:1)
  3 jackals (D:1)
  2 quokkas (D:1)
  5 ball pythons (D:1)
  A bat (D:1)
  2 kobolds (D:1)
  2 rats (D:1)
22 creatures vanquished.

Vanquished Creatures (collateral kills)
  A kobold (D:1)
1 creature vanquished.

Grand Total: 23 creatures vanquished

Notes
Turn   | Place    | Note
-------+----------+-------------------------------------------
     0 | D:1      | ThatPearl the Demonspawn Necromancer began the quest for
                  | the Orb.
     0 | D:1      | Reached XP level 1. HP: 13/13 MP: 3/3
   265 | D:1      | Discovered your monstrous ancestry.
   265 | D:1      | Gained mutation: You have a pair of small antennae on your
                  | head. [demonic ancestry]
   265 | D:1      | Reached XP level 2. HP: 15/20 MP: 1/5
   420 | D:1      | Reached skill level 1 in Fighting
   972 | D:1      | Reached XP level 3. HP: 23/26 MP: 3/6
  1231 | D:2      | Noticed Terence
  1239 | D:2      | Slain by Terence

Illustrated notes

Levels and vault maps discovered:
D:1:      kennysheep_arrival_forest, layout_loops_cross
D:2:      layout_loops_cross, uniq_terence

Skill      XL: |  1  2 |
---------------+-------+-----
Fighting       | 1 |  1.4
Dodging        | |  1.7
Stealth        | |  1.7
Spellcasting   | |  2.4
Necromancy     | |  4.7

Action                   || total
-------------------------++-------
Melee: Dagger            ||    38
 Cast: Necrotise         ||    26
 Stab: Sleeping          ||     3
       Distracted        ||     1
Armor: Robe              ||    10
Dodge: Dodged            ||    31
